 Dungeon Crawl Stone Soup version 0.29.1-15-g9cfb28693d (webtiles) character file.

Game seed: 11798137638840654474

394 Sanktem7 the Chopper (level 6, -9/56 HPs)
             Began as a Minotaur Fighter on Mar 13, 2023.
             Mangled by an ice beast (13 damage)
             ... on level 4 of the Dungeon.
             The game lasted 00:03:27 (3421 turns).

Sanktem7 the Chopper (Minotaur Fighter)             Turns: 3421, Time: 00:03:28

Health: -9/56      AC:  7    Str: 29    XL:     6   Next: 51%
Magic:  5/5        EV:  9    Int:  5    God:
Gold:   235        SH:  4    Dex:  9    Spells: 5/5 levels left

rFire   . . .      SeeInvis .   a - +0 war axe {axe}
rCold   . . .      Faith    .   c - +0 buckler
rNeg    . . .      Spirit   .   b - +0 scale mail
rPois   .          Reflect  .   (helmet restricted)
rElec   .          Harm     .   (no cloak)
rCorr   .          Rampage  .   (no gloves)
Will    .....                   (no boots)
Stlth   ..........              (no amulet)
HPRegen 0.18/turn               n - +6 ring of strength
MPRegen 0.09/turn               (no ring)

@: no status effects
A: horns 2, retaliatory headbutt
a: no special abilities


You were on level 4 of the Dungeon.
You visited 2 branches of the dungeon, and saw 5 of its levels.

You collected 235 gold pieces.


Innate Abilities, Weirdness & Mutations

You have a pair of horns on your head.
You reflexively headbutt those who attack you in melee.


   Skills:
 + Level 5.1 Fighting
 * Level 5.6 Axes
 + Level 5.0 Armour
 + Level 5.1 Shields


You had 5 spell levels left.
You didn't know any spells.
Your spell library contained the following spells:

 Spells                   Type           Power      Damage    Failure   Level
 Animate Armour           Summ/Erth      0%         N/A       100%        4
 Blade Hands              Tmut           0%         N/A       100%        5
 Iron Shot                Conj/Erth      0%         9d1       100%        6

Inventory:

Hand Weapons
 a - a +0 war axe (weapon) {axe}
 i - a +2 dagger of venom {short}
   (You found it on level 1 of the Dungeon)
 p - a +0 dagger of venom {short}
   (You took it off Ijyb on level 2 of the Dungeon)
 t - a +0 mace of holy wrath {mace}
   (You found it on level 3 of the Dungeon)
Missiles
 f - 34 stones (quivered) {throwing}
 y - 7 poisoned darts {throwing}
Armour
 b - a +0 scale mail (worn)
 c - a +0 buckler (worn)
 o - a +0 cloak
   (You found it on level 2 of the Dungeon)
 u - the +1 leather armour of Hedonism {Harm rC- SInv}
   (You found it on level 4 of the Dungeon)

   rC:        It makes you vulnerable to cold.
   SInv:      It lets you see invisible.
   Harm:      It increases damage dealt and taken.
Jewellery
 n - a +6 ring of strength (left hand)
   (You found it on level 2 of the Dungeon)
Wands
 q - a wand of digging (6)
   (You took it off Ijyb on level 2 of the Dungeon)
Scrolls
 e - a scroll of fear {unknown}
 j - a scroll of magic mapping {unknown}
 m - 4 scrolls of identify {unknown}
 r - a scroll of blinking {unknown}
 s - a scroll of poison {unknown}
 v - a scroll of fog {unknown}
 w - a scroll of immolation {unknown}
 x - 2 scrolls of vulnerability {unknown}
Potions
 d - a potion of might
 g - a potion of berserk rage {unknown}
 h - 4 potions of curing {unknown}
 k - a potion of ambrosia {unknown}
 l - 2 potions of heal wounds {unknown}

Dungeon Overview and Level Annotations

Branches:
Dungeon (4/15) Zot: 20791  Temple (1/1) D:4 Zot: 5710

Altars:
Ashenzari
Cheibriados
Dithmenos
Elyvilon
Fedhas
Nemelex Xobeh
Qazlal
Trog
Vehumet
Wu Jian
Xom
Yredelemnul
Zin

Annotations:
D:4 1 runed translucent door, Pikel; javelincjr's ghost, novice DjCj

##.P~~~~P~~~~~...# #.##
...~~P~~~~~PP~...# #...
.#.~~P~~.~~~~~...######'#.
...P~.~~...~P~...##.......
.................##.......
..................'......>
?.................#.......
######.#Y#)......#.......
.....K.5#@#.......####....
.......K55#.........##....
..############......##.##....
..... #....#####.+.... #...#
#...##♣♣♣###....
######..##########...#♣...♣
#....
#....................').>.♣
#....
#.#####..............#♣...♣
###.. ..#
#..............##♣♣♣#####..


You could see Pikel, an ice beast and 2 lemures.


Message History

You open the door.
Found a sparkling altar of Nemelex Xobeh.
There is an open door here.
There is an open door here.
You open the door.
Found a basalt altar of Yredelemnul.
There is an open door here.
You open the door.
There is an open door here.
You open the door.
Found a radiant altar of Vehumet.
There is an open door here.
Done exploring.
Done exploring.
There is an open door here.
There is an open door here.
There is a staircase back to the Dungeon here.
You can't go down here!
You climb upwards.
Welcome back to the Dungeon!
Level annotation: 1 runed translucent door, javelincjr's ghost, novice DjCj
There is a staircase to the Ecumenical Temple here.
Items here: ))))) [[ ÷÷.
There is an open door here.
You see here a +0 club {mace}.
An ice beast comes into view.
An ice beast is nearby!
A lemure comes into view.
The lemure shouts!
You hear a shout!
A lemure comes into view.
The lemure shouts!
Pikel and 2 lemures come into view.
Pikel is wielding a +0 whip of flaming.
Pikel shouts!
The lemure shouts! x2
The lemure attacks as you move away! The lemure hits you. 😕 HP[-1]
You take 1 damage, and now have 55/56 hp.
The lemure attacks as you move away! The lemure hits you. 😕 HP[-2]
You take 2 damage, and now have 53/56 hp.
You miss the lemure.
The lemure hits you but does no damage. 😕 HP[+1]
You closely miss the lemure. The lemure closely misses you.
You barely miss the lemure. You headbutt the lemure. You hit the lemure.
The lemure hits you. x2; The lemure barely misses you.
The lemure hits you.
Pikel says, "All the lords of Hell know my name!" 😕 HP[-7]
You take 7 damage, and now have 47/56 hp.
You completely miss the lemure. You headbutt the lemure.
You completely miss the lemure. The lemure hits you.
The lemure hits you but does no damage. 😕 HP[-4]
You take 4 damage, and now have 43/56 hp.
You slash the lemure! You headbutt the lemure. You hit the lemure.
You block the lemure's attack. 😕 HP[+1]
You slash the lemure!
You kill the lemure!
That felt strangely unrewarding.
You closely miss the lemure. The lemure hits you.
The lemure hits you but does no damage. You block the ice beast's attack.
The lemure barely misses you. 😕 HP[-1]
You take 1 damage, and now have 43/56 hp.
You hit the ice beast. You barely miss the lemure.
You completely miss the lemure. The lemure hits you but does no damage.
The ice beast hits you but does no damage.
The lemure hits you. 😮 HP[-5]
You take 5 damage, and now have 38/56 hp.
You barely miss the ice beast. You closely miss the lemure.
You slash the lemure! The lemure hits you. The ice beast completely misses you.
The lemure closely misses you. 😮 HP[-6]
You take 6 damage, and now have 32/56 hp.
You slash the ice beast! You headbutt the ice beast.
You barely miss the lemure. You slash the lemure!
The lemure hits you but does no damage. The ice beast hits you.
The ice beast freezes you!
* * * LOW HITPOINT WARNING * * *
The lemure hits you.
* * * LOW HITPOINT WARNING * * *
😨 HP[-13]
You take 13 damage, and now have 19/56 hp.
MASSIVE DAMAGE!! (PAUSE)
You barely miss the ice beast. You hit the lemure. x2
The lemure closely misses you. You furiously retaliate!
You headbutt the lemure!
The ice beast hits you but does no damage.
You block the lemure's attack. The ice beast hits you.
* * * LOW HITPOINT WARNING * * *
The ice beast freezes you!
* * * LOW HITPOINT WARNING * * *
You block the lemure's attack.
The lemure hits you but does no damage. 😱 HP[-12]
You take 12 damage, and now have 7/56 hp.
MASSIVE DAMAGE!! (PAUSE)
You closely miss the ice beast. You completely miss the lemure.
You barely miss the lemure. The ice beast hits you.
* * * LOW HITPOINT WARNING * * *
The ice beast freezes you!
You die...

Skill      XL: |  1  2  3  4  5  6 |
---------------+-------------------+-----
Axes           | 3 4 5 |  5.6
Fighting       | 4 5 |  5.1
Armour         | 4 5 |  5.0
Shields        | 4 5 |  5.1

Action                   |  1- 3 |  4- 6 || total
-------------------------+-------+-------++-------
Melee: War axe           |    72 |    97 ||   169
       Headbutt          |     6 |    18 ||    24
Armor: Scale mail        |    44 |    45 ||    89
Dodge: Dodged            |    24 |    44 ||    68
Block: Buckler           |    15 |    26 ||    41

Levels and vault maps discovered:
D:1:      scummos_arrival_simple_fountains, layout_loops_cross,
          shapermc_ecumenical_altar_totnotflames
D:2:      kennysheep_the_goblin_king, layout_basic, kennysheep_big_empty_room
D:3:      layout_basic, nicolae_concentric_dashed_squares_mild,
          kennysheep_donut, minmay_misc_feat_square
D:4:      layout_basic, minmay_temple_entry_enclosed_plants, serial_bayou,
          serial_bayou_lagoon_b, serial_bayou_pond_b, serial_bayou_ford_a,
          serial_bayou_shore_a, hellmonk_ghost_happy_afterlife, uniq_pikel
Temple:   nicolae_temple_figure_eight

Notes
Turn   | Place    | Note
-------+----------+-------------------------------------------
     0 | D:1      | Sanktem7 the Minotaur Fighter began the quest for the Orb.
     0 | D:1      | Reached XP level 1. HP: 19/19 MP: 0/0
     0 | D:1      | magus.rc [v1.9.6]
   226 | D:1      | Reached XP level 2. HP: 27/27 MP: 1/1
   448 | D:1      | Reached skill level 3 in Axes
   504 | D:1      | Found a faded altar of an unknown god.
   752 | D:2      | Reached skill level 4 in Fighting
   752 | D:2      | Reached skill level 4 in Armour
   752 | D:2      | Reached skill level 4 in Shields
   752 | D:2      | Reached XP level 3. HP: 24/33 MP: 2/2
  1126 | D:2      | Noticed Ijyb
  1143 | D:2      | Killed Ijyb
  1144 | D:2      | Reached XP level 4. HP: 32/40 MP: 3/3
  1515 | D:3      | Reached skill level 4 in Axes
  1522 | D:3      | HP: 8/41 [gnoll/+0 flail (4)]
  2200 | D:3      | You pick up a book of Iron and begin reading...
  2200 | D:3      | You add the spells Animate Armour, Blade Hands and Iron
                  | Shot to your library.
  2508 | D:4      | Identified the +1 leather armour of Hedonism {Harm rC-
                  | SInv}
  2568 | D:4      | Noticed a scorpion
  2578 | D:4      | Killed a scorpion
  2579 | D:4      | Reached XP level 5. HP: 47/47 MP: 4/4
  2585 | D:4      | Noticed javelincjr's ghost (novice DjCj)
  2588 | D:4      | Found a runed translucent door.
  2653 | D:4      | Reached skill level 5 in Axes
  2653 | D:4      | Reached XP level 6. HP: 52/55 MP: 5/5
  2727 | D:4      | Reached skill level 5 in Fighting
  2727 | D:4      | Reached skill level 5 in Armour
  2727 | D:4      | Reached skill level 5 in Shields
  3084 | D:4      | Found a staircase to the Ecumenical Temple.
  3103 | Temple   | Entered the Ecumenical Temple
  3405 | D:4      | Noticed an ice beast
  3407 | D:4      | Noticed Pikel
  3420 | D:4      | HP: 7/56 [ice beast (11)]
  3421 | D:4      | Mangled by an ice beast

Vanquished Creatures
  A phantom (D:4)
  A lemure (D:4)
  A scorpion (D:4)
  A necrophage (D:4)
  A hound (D:4)
  An orc priest (D:4)
  Ijyb (D:2)
  4 gnolls (D:3)
  An adder (D:2)
  A worm (D:2)
  A dart slug (D:4)
  6 orcs (D:4)
  4 ball pythons
  2 endoplasms (D:1)
  3 giant cockroaches
  8 goblins
  A hobgoblin (D:3)
  4 jackals
  2 quokkas
  8 bats
  A frilled lizard (D:1)
  5 kobolds
  3 rats
61 creatures vanquished.

Vanquished Creatures (others)
  14 plants (D:4)
14 creatures vanquished.

Grand Total: 75 creatures vanquished

Table legend:
 A = Non-vault XP
 B = Vault XP
 C = Vault XP percentage of total XP
 D = Non-vault monster count
 E = Vault monster count
 F = Vault count percentage of total count
                 A         B        C        D         E       F
            +---------+---------+-------+---------+---------+-------
      Total |     345 |     218 |  38.7 |      51 |       9 |  15.0
            +---------+---------+-------+---------+---------+-------
        D:1 |      22 |       0 |   0.0 |      15 |       0 |   0.0
        D:2 |      35 |      46 |  56.8 |      12 |       7 |  36.8
        D:3 |      74 |       0 |   0.0 |      14 |       0 |   0.0
        D:4 |     214 |     172 |  44.6 |      10 |       2 |  16.7
            +---------+---------+-------+---------+---------+-------

Illustrated notes

Table legend:
 A = Kills in this place as a percentage of kills in entire the game.
 B = Kills by you in this place as a percentage of kills by you in the entire game.
 C = Kills by friends in this place as a percentage of kills by friends in the entire game.
 D = Other kills in this place as a percentage of other kills in the entire game.
 E = Experience gained in this place as a percentage of experience gained in the entire game.
 F = Experience gained in this place divided by the number of levels of this place that you have seen.
                   A       B       C       D       E      F
               +-------+-------+-------+-------+-------+----------------------
         Total | 100.0 | 100.0 |   N/A |   N/A | 100.0 | 112.6
       Dungeon | 100.0 | 100.0 |   N/A |   N/A | 100.0 | 140.8
               +-------+-------+-------+-------+-------+----------------------

Table legend: (Time is in decaauts)
 A = Elapsed time spent in this place.
 B = Non-inter-level travel time spent in this place.
 C = Inter-level travel time spent in this place.
 D = Time resting spent in this place.
 E = Time spent auto-exploring this place.
 F = Levels seen in this place.
 G = Mean time per level.
                   A        B        C        D        E       F      G
               +--------+--------+--------+--------+--------+-----+--------+
         Total |   3497 |   3384 |    113 |      0 |   2971 |   5 |  699.4 |
       Dungeon |   3207 |   3120 |     87 |      0 |   2712 |   4 |  801.8 |
        Temple |    289 |    263 |     26 |      0 |    259 |   1 |  289.0 |
               +--------+--------+--------+--------+--------+-----+--------+

Top non-repeatable levels by time:
     D:3: 1027 daAuts
     D:2: 874 daAuts
     D:4: 679 daAuts
     D:1: 625 daAuts
  Temple: 289 daAuts
